 Dungeon Crawl Stone Soup version 0.17.1-2-g5865329 (webtiles) character file.

7077 Grim the Impaler (level 11, -7/85 HPs)
             Began as a Merfolk Berserker on Feb 12, 2016.
             Was a High Priest of Trog.
             Mangled by a stone giant (18 damage)
             ... on level 11 of the Dungeon.
             The game lasted 00:28:22 (11904 turns).

Grim the Impaler (Merfolk Berserker)               Turns: 11904, Time: 00:28:23

Health: -7/85      AC: 11    Str: 18    XL:     11   Next: 9%
Magic:  0/11       EV: 28    Int:  7    God:    Trog [*****.]
Gold:   221        SH:  0    Dex: 20    Spells: 0 memorised, 10 levels left

rFire  . . .     SeeInvis .     L - +6 halberd "Otorubudd" {flame, Dex+4}
rCold  . . .     Clarity  .     K - +3 steam dragon armour
rNeg   . . .     SustAt   .     (shield currently unavailable)
rPois  .         Gourm    .     r - +0 helmet (curse)
rElec  .         Spirit   +     (no cloak)
rCorr  .         Warding  .     t - +0 pair of gloves
rMut   .         Stasis   .     s - +0 pair of boots
MR     +....                    N - amulet of guardian spirit
Stlth  ++........               S - +4 ring of evasion
                                c - ring of protection from magic

@: very slightly contaminated, invisible (expiring), somewhat resistant to
hostile enchantments, unstealthy
A: change form in water, swift swim
a: Berserk, Trog's Hand, Brothers in Arms, Burn Spellbooks, Renounce Religion


You were on level 11 of the Dungeon.
You worshipped Trog.
Trog was extremely pleased with you.
You were not hungry.

You visited 1 branch of the dungeon, and saw 11 of its levels.

You collected 437 gold pieces.
You spent 216 gold pieces at shops.

Inventory:

Hand Weapons
 z - a +0 scythe
 E - a +0 halberd
 G - a +1 trident
 H - a +0 glaive
 L - the +6 halberd "Otorubudd" (weapon) {flame, Dex+4}
   (You bought it in a shop on level 7 of the Dungeon)

   It has been specially enchanted to burn those struck by it, causing extra
   injury to most foes and up to half again as much damage against particularly
   susceptible opponents.
   Big, fiery blades are also staple armaments of hydra-hunters.
   It affects your dexterity (+4).
Missiles
 p - a throwing net (quivered)
 y - 3 exploding tomahawks
 B - 4 tomahawks of returning
Armour
 b - a +0 animal skin
 r - a cursed +0 helmet (worn)
 s - a +0 pair of boots (worn)
 t - a +0 pair of gloves (worn)
 K - a +3 steam dragon armour (worn)
Jewellery
 c - a ring of protection from magic (left hand)
 m - a +4 ring of strength
 N - an amulet of guardian spirit (around neck)
 S - a +4 ring of evasion (right hand)
 W - an uncursed ring of fire {unknown}
 X - a cursed amulet of inaccuracy {unknown}
Wands
 a - a wand of magic darts (35)
 D - a wand of fireball (10)
 F - a wand of slowing (39)
 J - a wand of digging (7)
 P - a wand of flame (19)
 R - a wand of cold (8)
 V - a wand of enslavement (9)
Scrolls
 d - a scroll of immolation {unknown}
 g - 2 scrolls of teleportation {unknown}
 i - 2 scrolls of magic mapping {unknown}
 k - 3 scrolls of remove curse {unknown}
 q - 2 scrolls of fear {unknown}
 u - 2 scrolls of noise {unknown}
 A - a scroll of vulnerability {unknown}
 C - a scroll of random uselessness {unknown}
 Q - a scroll of fog {unknown}
 T - a scroll of brand weapon {unknown}
Potions
 e - 2 potions of brilliance
 f - a potion of lignification
 h - a potion of mutation {!q}
 j - 3 potions of might
 n - 3 potions of curing
 v - a potion of flight
 I - a potion of degeneration {unknown}
 U - 2 potions of resistance
Comestibles
 l - 2 meat rations
 o - a slice of pizza
 x - 4 fruits
 M - 8 bread rations
 O - a beef jerky
 Y - 3 chunks of flesh


   Skills:
 * Level 7.7 Fighting
 - Level 16.0 Polearms
 - Level 1.3 Armour
 - Level 13.1 Dodging


You had 10 spell levels left.
You didn't know any spells.

Dungeon Overview and Level Annotations

Branches:
Dungeon (11/15)            Temple (0/1) D:4            Lair (0/8) D:9
    Orc: D:9-12

Altars:
Ashenzari
Elyvilon
Fedhas
Gozag
Makhleb
Qazlal
Sif Muna
The Shining One

Shops:
D:7 *


Message History

The stone giant throws a large rock.
Found a quarterstaff.
The stone giant shouts!
An eye of draining comes into view.
The eye of draining turns its gaze towards you.
The fire dragon breathes flames at something.
You see here a quarterstaff.
A stone giant opens the door.
Found a stone staircase leading down.
You flicker for a moment.
There is a stone staircase leading down here.
The stone giant hits you!!
* * * LOW HITPOINT WARNING * * *
You climb downwards.
A crimson imp comes into view.
Found 8 gold pieces.
There is a stone staircase leading up here.
As you open the door, it creaks loudly!
The crimson imp shouts!
The stone giant hits you!!
You die...

......##
#......#
#......#
#......+
+......#
#.....5#
#C.....#
#.@..$.#
##'#####
..# ####


You could see a stone giant (wandering) and a crimson imp (wandering).

Vanquished Creatures
  The ghost of Mysteryquy the Grappler, a novice DrMo of Qazlal (D:7)
  Pikel (D:5)
  A troll (D:9)
  A trapdoor spider zombie (D:10)
  A deep elf mage (D:8)
  Sigmund (D:5)
  A spriggan (D:7)
  A yak (D:9)
  2 deep elf fighters (D:6)
  A hippogriff (D:10)
  The ghost of Mysteryquy the Ruffian, an amateur DrTm of Vehumet (D:4)
  A steam dragon (D:7)
  Menkaure (D:4)
  Duvessa (D:7)
  A water moccasin (D:8)
  2 slaves (D:5)
  3 orc warriors
  3 sky beasts
  A necrophage (D:6)
  A phantom (D:7)
  5 ice beasts
  7 ogres
  2 centaurs
  A crocodile (D:5)
  A gnoll sergeant (D:6)
  Blork the orc (D:5)
  3 jellies
  2 giant frogs
  Dowan (D:7)
  A wyvern skeleton (D:8)
  5 scorpions
  2 wights (D:6)
  3 crimson imps
  A giant frog zombie (D:6)
  6 iguanas
  A centaur zombie (D:7)
  A gnoll shaman (D:7)
  3 orc wizards
  A centaur skeleton (D:4)
  3 orc priests
  3 hounds
  6 worker ants
  A quasit (D:8)
  2 hound skeletons
  9 adders
  3 river rats
  5 gnolls (D:7)
  2 shadow imps
  An adder zombie (D:6)
  An ooze (D:3)
  An adder skeleton (D:8)
  5 worms
  9 giant geckos
  40 orcs
  16 bats
  6 giant cockroaches
  9 hobgoblins
  16 jackals
  14 kobolds
  7 quokkas
  3 ball pythons
  A giant cockroach zombie (D:5)
  2 giant gecko skeletons
  5 giant newts
  13 goblins
  A jackal zombie (D:8)
  A quokka skeleton (D:4)
  17 rats
275 creatures vanquished.

Vanquished Creatures (collateral kills)
  A wight (D:6)
  An orc wizard (D:6)
  A killer bee zombie (D:6)
3 creatures vanquished.

Vanquished Creatures (others)
  A hound (D:5)
1 creature vanquished.

Grand Total: 279 creatures vanquished

Notes
Turn   | Place    | Note
--------------------------------------------------------------
     0 | D:1      | Grim the Merfolk Berserker began the quest for the Orb.
     0 | D:1      | Reached XP level 1. HP: 18/18 MP: 1/1
    24 | D:1      | Reached skill level 5 in Polearms
   104 | D:1      | Reached XP level 2. HP: 24/24 MP: 2/2
   415 | D:1      | Found a shattered altar of Ashenzari.
   460 | D:1      | Reached XP level 3. HP: 29/29 MP: 3/3
   464 | D:1      | Reached ** piety under Trog
   464 | D:1      | Reached skill level 6 in Polearms
  1738 | D:2      | Reached skill level 7 in Polearms
  1738 | D:2      | Reached XP level 4. HP: 35/35 MP: 4/4
  2499 | D:2      | Reached *** piety under Trog
  2530 | D:2      | You fall through a shaft!
  2951 | D:3      | Reached skill level 8 in Polearms
  2951 | D:3      | Reached XP level 5. HP: 26/41 MP: 5/5
  3633 | D:3      | Reached skill level 9 in Polearms
  4067 | D:3      | Reached XP level 6. HP: 42/47 MP: 6/6
  4403 | D:4      | Noticed Mysteryquy's ghost (amateur DrTm)
  4413 | D:4      | Reached skill level 10 in Polearms
  4421 | D:4      | Killed Mysteryquy's ghost
  4421 | D:4      | Reached XP level 7. HP: 52/52 MP: 7/7
  4425 | D:4      | Reached skill level 11 in Polearms
  4593 | D:4      | Reached **** piety under Trog
  4798 | D:4      | Found a staircase to the Ecumenical Temple.
  4803 | D:4      | Noticed Menkaure
  4816 | D:4      | Killed Menkaure
  4816 | D:4      | Reached skill level 12 in Polearms
  5034 | D:4      | Reached XP level 8. HP: 37/58 MP: 8/8
  5483 | D:4      | Reached skill level 13 in Polearms
  5893 | D:5      | Entered Level 5 of the Dungeon
  5893 | D:5      | Noticed Sigmund
  5899 | D:5      | Killed Sigmund
  5899 | D:5      | Reached skill level 14 in Polearms
  6116 | D:5      | Noticed Blork the orc
  6130 | D:5      | Killed Blork the orc
  6718 | D:5      | Received a gift from Trog
  6718 | D:5      | Reached skill level 5 in Dodging
  6718 | D:5      | Reached XP level 9. HP: 30/64 MP: 9/9
  7352 | D:5      | Found an opulent altar of Gozag.
  7409 | D:5      | Found a white marble altar of Elyvilon.
  7420 | D:5      | Found a glowing golden altar of the Shining One.
  7551 | D:5      | Noticed Pikel
  7601 | D:5      | Killed Pikel
  8758 | D:6      | Reached skill level 10 in Dodging
  9021 | D:6      | Received a gift from Trog
  9355 | D:7      | Reached XP level 10. HP: 70/70 MP: 10/10
  9372 | D:7      | Noticed Duvessa
  9372 | D:7      | Noticed Dowan
  9382 | D:7      | Killed Duvessa
  9395 | D:7      | Killed Dowan
  9588 | D:7      | Noticed Mysteryquy's ghost (novice DrMo)
  9607 | D:7      | Killed Mysteryquy's ghost
  9657 | D:7      | Found a burning altar of Makhleb.
  9657 | D:7      | Noticed a green death
  9660 | D:7      | Noticed a hellwing
 10042 | D:7      | Found Puwiuric's Assorted Antiques.
 10053 | D:7      | Bought a crystal halberd for 216 gold pieces
 10053 | D:7      | Identified the +6 halberd "Otorubudd" {flame, Dex+4} (You bought it in a shop on level 7 of the Dungeon)
 10082 | D:7      | Found an opulent altar of Gozag.
 10082 | D:7      | Found a deep blue altar of Sif Muna.
 10354 | D:8      | Reached skill level 15 in Polearms
 10364 | D:8      | Reached skill level 5 in Fighting
 11229 | D:9      | Found a staircase to the Lair.
 11315 | D:9      | Reached ***** piety under Trog
 11316 | D:9      | Reached skill level 16 in Polearms
 11442 | D:9      | Reached XP level 11. HP: 80/83 MP: 11/11
 11642 | D:10     | Entered Level 10 of the Dungeon
 11867 | D:10     | Found a stormy altar of Qazlal.
 11867 | D:10     | Noticed a fire dragon
 11869 | D:10     | Noticed a stone giant
 11870 | D:10     | Found a blossoming altar of Fedhas.
 11904 | D:11     | Mangled by a stone giant

Action                   |  1- 3 |  4- 6 |  7- 9 | 10-12 || total
-------------------------+-------+-------+-------+-------++-------
Melee: Spear             |   183 |   248 |   491 |       ||   922
       Trident           |       |       |    59 |    33 ||    92
       Halberd           |       |       |       |   215 ||   215
Invok: Berserk           |     3 |     4 |    11 |     5 ||    23
       Trog's Hand       |       |     1 |     6 |     2 ||     9
       Brothers in Arms  |       |       |     1 |       ||     1
  Use: Scroll            |       |     2 |     5 |     6 ||    13
       Potion            |       |       |       |     1 ||     1
 Stab: Sleeping          |     3 |     6 |     1 |     4 ||    14
       Distracted        |     1 |       |       |     1 ||     2
  Eat: Chunk             |     4 |    12 |    11 |     9 ||    36
       Bread ration      |       |     1 |     3 |       ||     4
       Beef jerky        |       |       |     1 |       ||     1
       Meat ration       |       |       |       |     1 ||     1
